 Dungeon Crawl Stone Soup version 0.29-a0-284-gf9362112df (webtiles) character file.

Game seed: 7356441797322635112

151 sammy202020 the Skirmisher (level 5, -1/44 HPs)
             Began as a Palentonga Fighter on Mar 20, 2022.
             Succumbed to an adder's poison
             ... on level 3 of the Dungeon.
             The game lasted 00:02:51 (2758 turns).

sammy202020 the Skirmisher (Palentonga Fighter)     Turns: 2758, Time: 00:02:52

Health: -1/44      AC:  6    Str: 19    XL:     5   Next: 10%
Magic:  5/5        EV:  7    Int: 10    God:
Gold:   104        SH:  4    Dex: 10    Spells: 4/4 levels left

rFire   . . .      SeeInvis +   a - +1 war axe
rCold   + . .      Faith    .   c - +0 buckler
rNeg    . . .      Spirit   .   b - +0 scale mail
rPois   .          Reflect  .   (no helmet)
rElec   .          Harm     .   (no cloak)
rCorr   .          Rampage  .   (no gloves)
Will    .....                   (no barding)
Stlth   ..........              (no amulet)
HPRegen 0.14/turn               i - ring of flight
MPRegen 0.09/turn               d - ring of protection from cold

@: mighty, lethally poisoned (-1 -> -12), flying
A: large, rugged brown scales 3, see invisible, deformed body, roll 1, armoured
tail
a: Rolling Charge


You were on level 3 of the Dungeon.
You visited 1 branch of the dungeon, and saw 3 of its levels.

You collected 104 gold pieces.

Inventory:

Hand Weapons
 a - a +1 war axe (weapon)
Missiles
 e - a throwing net
Armour
 b - a +0 scale mail (worn)
 c - a +0 buckler (worn)
Jewellery
 d - a ring of protection from cold (right hand)
 i - a ring of flight (left hand)
 k - a +6 ring of intelligence
Scrolls
 h - a scroll of identify
 j - 2 scrolls of fog
 n - a scroll of fear {unknown}
 p - a scroll of summoning {unknown}
Potions
 f - a potion of mutation {unknown}
 g - a potion of haste {unknown}
 m - a potion of flight {unknown}
 o - a potion of cancellation {unknown}


   Skills:
 * Level 3.6 Fighting
 * Level 2.9 Axes
 * Level 3.1 Armour
 + Level 1.1 Dodging
 * Level 3.2 Shields


You had 4 spell levels left.
You didn't know any spells.
Your spell library contained the following spells:

 Spells                   Type           Power      Damage    Failure   Level
 Beastly Appendage        Tmut           0%         N/A       80%         1
 Wereblood                Tmut           0%         N/A       91%         2
 Spider Form              Tmut/Pois      0%         N/A       99%         3


Dungeon Overview and Level Annotations

Branches:
Dungeon (3/15)

Altars:
Sif Muna

Portals:
Abyss: D:3

Annotations:
D:3 2 transporters, Patoropollo's ghost, amateur SpEn


Innate Abilities, Weirdness & Mutations

You are completely covered in rugged brown scales. (AC +3, +7% HP)
You have supernaturally acute eyesight. (SInv)
Armour fits poorly on your strangely shaped body.
You can roll at nearby foes to attack.
You have a long armoured tail.


Message History

The orc closely misses you. The adder barely misses you.
You miss the adder. You miss the orc. You miss the orc wizard.
The adder bites you.
You are poisoned.
The adder poisons you! The orc wizard casts a spell at you.
The puff of flame hits you.
* * * LOW HITPOINT WARNING * * *
The orc hits you with a +0 war axe!
* * * LOW HITPOINT WARNING * * *
The adder bites you.
* * * LOW HITPOINT WARNING * * *
The orc wizard completely misses you. The orc hits you but does no damage.
You feel better. The adder bites you but does no damage.
The orc barely misses you.
The orc wizard hits you but does no damage.
You barely miss the orc wizard.
The orc wizard is almost dead.
You closely miss the adder. You slash the orc!
You kill the orc!
The adder bites you but does no damage.
The orc wizard hits you but does no damage.
The adder bites you.
* * * LOW HITPOINT WARNING * * *
You barely miss the orc wizard.
Your tail-slap misses the orc wizard.
The orc wizard is almost dead.
You closely miss the adder. The adder bites you.
* * * LOW HITPOINT WARNING * * *
You are poisoned.
The adder poisons you!
The orc wizard hits you but does no damage.
The adder bites you.
* * * LOW HITPOINT WARNING * * *
You are more poisoned.
The adder poisons you!
You slash the adder!
You kill the adder!
You slash the orc wizard!
You kill the orc wizard!
You die...

# #...# ##...# .
####....# .. #
!.......# ... #.
.©.....# .... #
#....# ..... #
#...###...... ^ #
## #...@)o.....
#..#. ##.∩
##..)########
:^#...#.#.##....#
.#.#....©#.....#
##... #.^.#.....#
.##[####.##.....#
..###..###..[...#
...©............#
.(..............#


You could see an orc.

Vanquished Creatures
  A howler monkey (D:3)
  An orc wizard (D:3)
  Natasha (D:3)
  3 adders (D:3)
  3 worms (D:2)
  2 dart slugs (D:1)
  An orc (D:3)
  6 ball pythons
  An endoplasm (D:2)
  6 giant cockroaches
  7 goblins
  5 hobgoblins
  3 jackals (D:2)
  A quokka (D:2)
  4 bats (D:2)
  6 frilled lizards
  5 kobolds
  A rat (D:1)
  A spectral hobgoblin (D:1)
58 creatures vanquished.

Notes
Turn   | Place    | Note
-------+----------+-------------------------------------------
     0 | D:1      | sammy202020 the Palentonga Fighter began the quest for the
                  | Orb.
     0 | D:1      | Reached XP level 1. HP: 19/19 MP: 1/1
   325 | D:1      | Reached XP level 2. HP: 21/25 MP: 2/2
   895 | D:1      | Found a faded altar of an unknown god.
  1422 | D:2      | Reached XP level 3. HP: 28/31 MP: 3/3
  2044 | D:2      | Found a shimmering blue altar of Sif Muna.
  2492 | D:2      | Reached XP level 4. HP: 24/37 MP: 4/4
  2729 | D:3      | Found a one-way gate to the infinite horrors of the Abyss.
  2729 | D:3      | Noticed Patoropollo's ghost (amateur SpEn)
  2730 | D:3      | Found a transporter.
  2734 | D:3      | Noticed Natasha
  2735 | D:3      | Found a transporter.
  2746 | D:3      | Reached skill level 1 in Dodging
  2750 | D:3      | Killed Natasha
  2751 | D:3      | Reached XP level 5. HP: 24/43 MP: 5/5
  2754 | D:3      | HP: 2/43 [adder (2)]
  2758 | D:3      | Succumbed to an adder's poison

Illustrated notes

Levels and vault maps discovered:
D:1:      dpeg_arrival_morbid_curiosity, layout_basic, serial_co_window_serial,
          co_window_paths_a, co_window_paths_a, co_window_of_opportunity_a,
          co_window_paths_b, co_window_of_opportunity_a,
          co_window_of_opportunity_b, co_window_of_opportunity_c,
          co_window_2corner, co_window_corner_ca, co_window_paths_c,
          co_window_of_opportunity_b, co_window_corner_b, co_window_paths_d,
          glass_columns_c, glass_columns_b, glass_columns_b, glass_columns_b,
          glass_columns_b, dreamdust_ecumenical_altar_drowned_temple
D:2:      minmay_diamond_boxcup, layout_basic, basic_altar
D:3:      layout_basic, gammafunk_ghost_abyssal_escape, uniq_terence, uniq_ijyb,
          uniq_robin, uniq_grinder, uniq_natasha

Skill      XL: |  1  2  3  4 |
---------------+-------------+-----
Shields        | 3 |  3.2
Armour         | 3 |  3.1
Dodging        | 1 |  1.1
Fighting       | |  3.6
Axes           | |  2.9

Action                   |  1- 3 |  4- 6 || total
-------------------------+-------+-------++-------
Melee: War axe           |   127 |    18 ||   145
       Tailslap          |    13 |     1 ||    14
  Use: Scroll            |     5 |       ||     5
       Potion            |     1 |     2 ||     3
Armor: Scale mail        |    62 |    17 ||    79
Dodge: Dodged            |    48 |    17 ||    65
Block: Buckler           |    28 |     2 ||    30

Table legend: (Time is in decaauts)
 A = Elapsed time spent in this place.
 B = Non-inter-level travel time spent in this place.
 C = Inter-level travel time spent in this place.
 D = Time resting spent in this place.
 E = Time spent auto-exploring this place.
 F = Levels seen in this place.
 G = Mean time per level.
                   A        B        C        D        E       F      G
               +--------+--------+--------+--------+--------+-----+--------+
         Total |   2815 |   2763 |     52 |      0 |   2347 |   3 |  938.3 |
       Dungeon |   2815 |   2763 |     52 |      0 |   2347 |   3 |  938.3 |
               +--------+--------+--------+--------+--------+-----+--------+

Top non-repeatable levels by time:
     D:1: 1441 daAuts
     D:2: 1253 daAuts
     D:3: 120 daAuts
